AoeStats
← undercat

Arabia

508874328Analyzed
1v1 RM · 8d ago on Sep 24, 2026· 16m 47s· 2 players
Game mode
Random Map
Map size
Tiny (2 player)
Population
200
Speed
Normal
Resources
Standard
Victory
Conquest
Starting age
Dark Age
Ending age
Imperial Age
RankedLock teamsTeams togetherTeam positionsShared explorationLock speedFull tech treeHidden civsTurbo modeCheats
Victory
Defeat
🇹🇼 Aztecs · Taiwan
949
+16
🇧🇷 Mongols · Brazil
944
-16
Lechuga
7:12 Loom
9:53 Feudal Age
10:51 Double-Bit Axe
10:47 Horse Collar
undercat
7:28 Loom
9:48 Feudal Age
9:54 Man-at-Arms
11:17 Double-Bit Axe
16:33 Fletching
Connection lost

Rejoining the realm…

Still unreachable

The connection could not be restored.

Session expired

The server has moved on; the page needs a fresh start.